 Dungeon Crawl Stone Soup version 0.24-a0-7-g1bb0902669 (webtiles) character file.

Game seed: 14238253004557479276

834 Infinimo the Firebug (level 7, -3/50 HPs)
             Began as a Hill Orc Fire Elementalist on Jan 31, 2019.
             Slain by a killer bee (6 damage)
             ... on level 6 of the Dungeon.
             The game lasted 00:09:09 (4977 turns).

Infinimo the Firebug (Hill Orc Fire Elementalist)   Turns: 4977, Time: 00:09:10

Health: -3/50      AC:  4    Str: 11    XL:     7   Next: 98%
Magic:  26/26      EV: 12    Int: 17    God:
Gold:   279        SH:  2    Dex: 11    Spells: 4/12 levels left

rFire    + . .     SeeInvis .   g - staff of power
rCold    + . .     Gourm    .   (no shield)
rNeg     + + .     Faith    .   h - +2 robe {Archmagi}
rPois    .         Spirit   .   (no helmet)
rElec    .         Reflect  +   p - scarf {rC+ rF+}
rCorr    .         Harm     .   (no gloves)
MR       .....                  (no boots)
Stlth    ++........             o - +2 amulet of reflection
HPRegen  0.16/turn              f - ring of positive energy
MPRegen  0.20/turn              l - ring of positive energy

@: lethally poisoned (-3 -> -33), about to teleport
A: no striking features
a: no special abilities


You were on level 6 of the Dungeon.
You were hungry.

You visited 1 branch of the dungeon, and saw 6 of its levels.

You collected 279 gold pieces.

Inventory:

Hand Weapons
 j - a +0 spear
 r - a +3 dagger of speed
Armour
 h - a +2 robe of the Archmagi (worn)
 p - a scarf of resistance (worn)
Magical Staves
 g - an uncursed staff of power (weapon)
Jewellery
 f - a ring of positive energy (left hand)
 k - a +5 ring of strength {unknown}
 l - a ring of positive energy (right hand)
 o - a +2 amulet of reflection (around neck)
Scrolls
 a - a scroll of magic mapping {unknown}
 b - 2 scrolls of remove curse
 i - 2 scrolls of enchant armour
 n - a scroll of identify
 s - a scroll of fog {unknown}
Potions
 d - 2 potions of flight
 e - a potion of heal wounds {unknown}
 m - a potion of invisibility {unknown}
 q - a potion of haste {unknown}
Comestibles
 c - 6 rations


   Skills:
 - Level 1.5 Dodging
 - Level 1.5 Stealth
 + Level 3.2 Spellcasting
 * Level 5.4 Conjurations
 * Level 6.8 Fire Magic


You had 4 spell levels left.
You knew the following spells:

 Your Spells              Type           Power        Failure   Level  Hunger
a - Flame Tongue          Conj/Fire      #####        1%          1    None
b - Conjure Flame         Conj/Fire      #####...     4%          3    ###....
c - Sticky Flame          Conj/Fire      #####...     14%         4    ####...

Your spell library contained the following spells:

 Spells                   Type           Power        Failure   Level  Hunger
 Throw Flame              Conj/Fire      #####.       1%          2    ##.....
 Inner Flame              Hex/Fire       ###.....     12%         3    ###....
 Fireball                 Conj/Fire      #####.....   36%         5    ######.


Dungeon Overview and Level Annotations

Branches:
Dungeon (7/15)             Temple (0/1) D:7

Altars:
Gozag
Ru
Zin
The Shining One

Annotations:
D:7 1 runed translucent door


Message History

You are lethally poisoned!
The killer bee poisons you! The killer bee stings you.
* * * LOW HITPOINT WARNING * * *
You are more poisoned.
The killer bee poisons you! The killer bee stings you!
* * * LOW HITPOINT WARNING * * *
You climb upwards.
* * * LOW HITPOINT WARNING * * *
You feel sick.
There is a stone staircase leading down here.
Okay, then.
Unknown command.
As you read the scroll of teleportation, it crumbles to dust.
You feel strangely unstable.
* * * LOW HITPOINT WARNING * * *
You feel sick. The killer bee stings you.
* * * LOW HITPOINT WARNING * * *
You are more poisoned.
The killer bee poisons you! The killer bee stings you.
You die...

.#.# .#.#
.#.####
.......
.......
.......
###y......
#y@.......
#..........
####.......
.......
.......
#.####. .#
##


You could see 2 killer bees.

Vanquished Creatures
  A centaur (D:7)
  A bullfrog (D:7)
  4 killer bees (D:7)
  An electric eel (D:7)
  A centaur skeleton (D:4)
  An orc priest (D:3)
  Crazy Yiuf (D:2)
  2 orc wizards (D:3)
  Natasha (thrice) (D:2)
  5 worker ants
  4 adders
  An ooze (D:4)
  3 worms
  2 dart slugs
  3 leopard geckos
  9 orcs
  6 bats
  7 giant cockroaches
  5 goblins
  6 hobgoblins
  10 jackals
  5 kobolds
  3 quokkas
  9 frilled lizards
  4 rats
97 creatures vanquished.

Notes
Turn   | Place    | Note
-------+----------+-------------------------------------------
     0 | D:1      | Infinimo the Hill Orc Fire Elementalist began the quest for
                  | the Orb.
     0 | D:1      | Reached XP level 1. HP: 14/14 MP: 3/3
   296 | D:1      | Reached XP level 2. HP: 20/20 MP: 1/4
  1081 | D:2      | Reached XP level 3. HP: 5/26 MP: 0/5
  1290 | D:2      | Noticed Natasha
  1299 | D:2      | Killed Natasha
  1299 | D:2      | Reached skill level 4 in Fire Magic
  1299 | D:2      | Reached XP level 4. HP: 20/33 MP: 1/7
  1414 | D:2      | Noticed Natasha
  1425 | D:2      | Killed Natasha
  1637 | D:2      | Found a runed translucent door.
  1638 | D:2      | Noticed Crazy Yiuf
  1656 | D:2      | Noticed Natasha
  1661 | D:2      | Killed Natasha
  1661 | D:2      | Reached XP level 5. HP: 27/38 MP: 4/8
  2253 | D:2      | Learned a level 3 spell: Conjure Flame
  2272 | D:2      | Killed Crazy Yiuf
  2830 | D:3      | Reached skill level 5 in Fire Magic
  2894 | D:2      | Reached XP level 6. HP: 38/45 MP: 5/9
  3123 | D:3      | Learned a level 4 spell: Sticky Flame
  3715 | D:3      | Found a sacrificial altar of Ru.
  3715 | D:3      | Found a glowing silver altar of Zin.
  3720 | D:3      | Found an opulent altar of Gozag.
  3722 | D:3      | Found a faded altar of an unknown god.
  3724 | D:3      | Found a glowing golden altar of the Shining One.
  4365 | D:4      | Reached XP level 7. HP: 45/50 MP: 11/11
  4444 | D:4      | You fall through a shaft for 3 floors!
  4451 | D:7      | Reached skill level 6 in Fire Magic
  4452 | D:7      | Found a runed translucent door.
  4616 | D:7      | Reached skill level 5 in Conjurations
  4862 | D:7      | Found a staircase to the Ecumenical Temple.
  4977 | D:6      | Slain by a killer bee

Vault maps used:
D:1:      minmay_arrival_five_plusses, minmay_misc_feat_encased,
          minmay_split_cup_large
D:2:      first_ration, minmay_lizard_pond, uniq_natasha,
          uniq_crazy_yiuf_cottage
D:3:      chequers_temple_overflow_minitemple
D:4:      serial_forest, infiniplex_forest_lined_room_,
          infiniplex_forest_straight_2, infiniplex_forest_straight_3,
          infiniplex_forest_clump_medium, infiniplex_forest_clump_tiny
D:6:      ebering_ghost_rock_garden, uniq_edmund, uniq_sigmund, uniq_duvessa
D:7:      statuecave_lemuel, kennysheep_little_box, minmay_temple_entry_mist,
          serial_shops, nicolae_shop_window_shopping, grunt_livestock,
          lightli_church_of_beogh

Skill      XL: |  1  2  3  4  5  6  7 |
---------------+----------------------+-----
Conjurations   | 2 3 4 5 |  5.4
Spellcasting   | 2 3 |  3.2
Fire Magic     | 4 5 6 |  6.8
Dodging        | |  1.5
Stealth        | |  1.5

Action                   |  1- 3 |  4- 6 |  7- 9 || total
-------------------------+-------+-------+-------++-------
Melee: Unarmed           |    10 |       |       ||    10
       Dagger            |     6 |     8 |       ||    14
 Cast: Flame Tongue      |    49 |   128 |    31 ||   208
       Conjure Flame     |       |     1 |       ||     1
  Use: Potion            |     1 |       |       ||     1
       Scroll            |       |     9 |     1 ||    10
  Eat: Chunk             |     2 |    11 |     1 ||    14
Armor: Robe              |    13 |     6 |     3 ||    22
Dodge: Dodged            |    37 |    19 |    28 ||    84
Block: Other             |       |     4 |     2 ||     6

Table legend:
 A = Non-vault XP
 B = Vault XP
 C = Vault XP percentage of total XP
 D = Non-vault monster count
 E = Vault monster count
 F = Vault count percentage of total count
                 A         B        C        D         E       F
            +---------+---------+-------+---------+---------+-------
      Total |    1106 |      86 |   7.2 |      86 |      11 |  11.3
            +---------+---------+-------+---------+---------+-------
        D:1 |      27 |       6 |  18.2 |      12 |       4 |  25.0
        D:2 |     169 |      80 |  32.1 |      22 |       7 |  24.1
        D:3 |     201 |       0 |   0.0 |      26 |       0 |   0.0
        D:4 |     167 |       0 |   0.0 |      16 |       0 |   0.0
        D:7 |     542 |       0 |   0.0 |      10 |       0 |   0.0
            +---------+---------+-------+---------+---------+-------
